 Dungeon Crawl Stone Soup version 0.31-b1-22-gc680215f68 (webtiles) character file.

Game seed: 18224762729113254290

110031 groovy9 the Severer (level 16, -3/107 HPs)
             Began as a Gargoyle Berserker on Jan 18, 2024.
             Was a High Priest of Trog.
             Slain by Agnes
             ... wielding a +0 lajatang
              (18 damage)
             ... on level 14 of the Dungeon.
             The game lasted 01:09:47 (22430 turns).

groovy9 the Severer (Gargoyle Berserker)           Turns: 22430, Time: 01:09:48

Health: -3/107     AC: 26    Str: 35    XL:     16   Next: 53%
Magic:  16/16      EV:  9    Int:  8    God:    Trog [*****.]
Gold:   1108       SH:  0    Dex: 12    Spells: 15/15 levels left

rFire   . . .        K - +6 executioner's axe "Raech" {flame, rN+}
rCold   . . .        (shield currently unavailable)
rNeg    + + .        D - +2 plate armour {rPois}
rPois   ∞            i - +2 hat
rElec   +            A - +0 cloak
rCorr   .            C - +2 pair of gloves {Dex+3}
SInv    .            N - +0 pair of boots {rampage}
Will    ++++.        S - amulet of regeneration Stlth
                     Q - +6 ring of strength
HPRegen 2.17/turn    L - ring of willpower
MPRegen 0.15/turn

%: rampage
@: about to teleport, strong-willed, corroded, flying, regenerating
A: sickness immunity, AC +12, big wings, negative energy resistance 1,
electricity resistance, torment resistance 1, petrification resistance
a: Renounce Religion, Berserk, Trog's Hand, Brothers in Arms


You were on level 14 of the Dungeon.
You worshipped Trog.
Trog was extremely pleased with you.
You visited 4 branches of the dungeon, and saw 22 of its levels.
You also visited: Bailey.

You collected 2170 gold pieces.
You spent 1062 gold pieces at shops.

Inventory:

Hand Weapons
 K - the +6 executioner's axe "Raech" (weapon) {flame, rN+}
   (You found it in a bailey)

   rN+:       It protects you from negative energy.
Armour
 i - a +2 hat (worn)
 A - a +0 cloak (worn)
 C - a +2 pair of gloves of dexterity (worn)
 D - a +2 plate armour of poison resistance (worn)
 N - a +0 pair of boots of rampaging (worn)
Jewellery
 f - an amulet of the acrobat
 m - a +6 ring of dexterity
 x - a ring of resist corrosion
 G - a ring of positive energy
 L - a ring of willpower (right hand)
 Q - a +6 ring of strength (left hand)
 S - an amulet of regeneration (around neck)
Wands
 a - a wand of flame (52)
 l - a wand of roots (13)
 o - a wand of paralysis (12)
 z - a wand of acid (11)
 O - a wand of mindburst (10)
 U - a wand of polymorph (6)
Scrolls
 b - 4 scrolls of amnesia
 d - 6 scrolls of revelation
 e - 4 scrolls of noise
 j - 8 scrolls of teleportation
 p - 7 scrolls of poison
 r - 2 scrolls of silence
 s - a scroll of enchant armour
 t - a scroll of torment
 u - 3 scrolls of brand weapon
 y - 9 scrolls of enchant weapon
 B - 3 scrolls of fear
 F - 10 scrolls of identify
 P - 2 scrolls of blinking
 R - 2 scrolls of vulnerability
Potions
 c - 2 potions of heal wounds
 g - a potion of berserk rage
 h - 5 potions of attraction
 k - 4 potions of curing
 n - 3 potions of lignification
 q - a potion of ambrosia
 v - 2 potions of resistance
 w - 4 potions of mutation
 E - a potion of enlightenment
 H - 4 potions of brilliance
 I - 3 potions of magic
 J - a potion of invisibility
Miscellaneous
 M - a phial of floods
 T - a tin of tremorstones (2/2)


   Skills:
 + Level 14.4 Fighting
 * Level 18.8(19.3) Axes
 - Level 8.3(15.5) Maces & Flails
 + Level 12.6 Armour
 - Level 1.5 Dodging
 - Level 4.4 Shields
 + Level 1.1 Evocations


You had 15 spell levels left.
You didn't know any spells.
Your spell library was empty.

Dungeon Overview and Level Annotations

Branches:
Dungeon (14/15)            Temple (1/1) D:6            Lair (5/5) D:11
 Shoals (0/4) Lair:3       Spider (0/4) Lair:2        Slime (0/5) Lair:4
    Orc (2/2) D:10            Elf (0/3) Orc:2        Vaults (0/5) D:13
 Bailey (visited)

Altars:
Ashenzari
Cheibriados
Dithmenos
Elyvilon
Fedhas
Gozag
Hepliaklqana
Kikubaaqudgha
Makhleb
Nemelex Xobeh
Okawaru
Qazlal
Ru
Sif Muna
Trog
Uskayaw
Vehumet
Wu Jian
Xom
Yredelemnul
Zin
The Shining One
Jiyva

Shops:
D:6 !   D:10 ?((   Orc:2 (=[*(

Portals:
Trove: D:11 (give 11 potions of heal wounds)

Annotations:
D:14 Agnes, Nessos


Innate Abilities, Weirdness & Mutations

You are immune to sickness and miasma.
Your stone body is resilient. (AC +12)
You are immune to poison.
Your large and strong wings let you fly.
You resist negative energy. (rN+)
You are resistant to electric shocks. (rElec)
You are resistant to unholy torment.
You are immune to petrification.


Message History

The orc wizard shouts!
You slice Nessos!! You burn Nessos.
Nessos is heavily wounded.
Nessos gestures wildly while chanting.
Nessos blinks!
Nessos wields a +2 longbow of flaming.
It bursts into flame!
Nessos shoots an arrow.
The arrow barely misses you.
You slice the orc like a ripe choko!!! You burn the orc.
You kill the orc!
Trog accepts your kill.
Agnes the Wanderer comes into view.
She is wielding a +0 lajatang.
Nessos shoots an arrow.
The arrow hits you but does no damage.
You rampage towards Nessos!
Nessos zaps a wand.
The bolt of acid hits you. The acid corrodes you!
Nessos shoots an arrow.
The arrow hits you! The arrow burns you.
Agnes shouts!
You rampage towards Nessos!
Nessos gestures wildly while chanting.
Nessos blinks!
Nessos mumbles some strange words.
Nessos blinks!
Nessos mumbles some strange words.
Nessos blinks!
Nessos shoots an arrow.
The arrow hits you but does no damage.
Okay, then.
Nessos mumbles some strange words.
Nessos blinks!
Nessos casts a spell.
Nessos blinks!
Nessos shoots an arrow.
The arrow hits you! The arrow burns you!
Nessos shoots an arrow.
The arrow hits you! The arrow burns you.
Okay, then.
As you read the scroll of teleportation, it crumbles to dust.
You feel strangely unstable.
Nessos shoots an arrow.
The arrow hits you! The arrow burns you.
Your skin crawls.
You feel strong-willed. Agnes hits you with a +0 lajatang!!
* * * LOW HITPOINT WARNING * * *
Agnes hits you with a +0 lajatang!!
You die...
Agnes says, "May you follow the Path of Peace in your next life."

#.....§.o...
#....).....i
#########...)o######
#.............#
#.........c...#
#.............#
#.............#
#.........i...#
#.........@...#
#.............#
#####+#.....#########
............#
............#
............#
............#
#####.......#
............#


You could see Agnes, Nessos (fast) and an orc wizard.

Vanquished Creatures
  2 acid blobs (Lair:4)
  An orc warlord (Orc:2)
  The ghost of Sobieck the Imperceptible, a journeyman KoBr of Wu Jian (Orc:2)
  The ghost of monsoonserge the Thaumaturge, a journeyman DjFE of Gozag (Lair:4)
  A minotaur (Orc:2)
  The ghost of groovy9 the Grappler, a journeyman TrFi of Okawaru (Lair:4)
  Josephine (D:13)
  Harold (Lair:2)
  Fannar (Lair:3)
  2 hydras
  2 catoblepae
  An ogre mage (Orc:2)
  3 centaur warriors (D:13)
  A boulder beetle (Lair:5)
  Erica (D:11)
  6 two-headed ogres
  5 orc high priests
  Nergalle (Lair:1)
  A skyshark (Lair:5)
  A lindwurm (Lair:4)
  A deep elf pyromancer (D:13)
  2 wolf spiders (Lair:5)
  5 orc knights
  4 orc sorcerers (Orc:2)
  3 cyclopes
  3 manticores
  4 elephants (Lair:1)
  9 ugly things
  10 black mambas
  2 kobold blastminers (Orc:2)
  3 centaur zombies (D:13)
  Joseph (D:7)
  A guardian serpent (Lair:5)
  16 cane toads
  2 molten gargoyles (D:13)
  A gargoyle (D:11)
  7 komodo dragons
  Maggie (D:6)
  A guardian mummy (D:11)
  A redback zombie (D:13)
  2 rime drakes
  4 trolls
  3 hornets
  A wind drake (Lair:3)
  2 polar bears (Lair:4)
  18 blink frogs
  Prince Ribbit (D:6)
  6 dream sheep (Lair:3)
  3 vampires
  Sigmund (D:6)
  2 shadows
  8 slime creatures
  20 wyverns
  8 wraiths
  40 yaks
  A warg (Orc:1)
  16 humans (D:13)
  3 basilisks
  2 fire elementals (D:13)
  3 vampire mosquitoes (D:11)
  An acid dragon (D:12)
  26 water moccasins
  38 orc warriors
  2 sky beasts
  2 ice beasts
  4 ogres
  24 wolves
  9 centaurs
  The ghost of Esekla the Sneak, an amateur OpDe (D:5)
  6 kobold brigands
  2 gnoll sergeants
  10 bullfrogs
  A two-headed ogre simulacrum (D:13)
  4 scorpions
  5 wights (D:8)
  3 killer bees (D:9)
  3 howler monkeys
  3 electric eels
  5 lava snakes (D:13)
  A gnoll bouda (D:5)
  21 orc priests
  A bombardier beetle (D:5)
  8 hounds
  7 jellies
  Jessica (D:2)
  A boggart zombie (D:13)
  A sleepcap (D:5)
  Ijyb (D:5)
  4 iguanas
  27 orc wizards
  2 polar bear simulacra (D:13)
  4 troll simulacra (D:13)
  A wolf simulacrum (D:13)
  18 gnolls
  7 adders
  A shadow imp (D:7)
  2 white imps (D:5)
  4 ufetubi
  A dart slug (D:5)
  4 ribbon worms
  75 orcs
  7 ball pythons
  6 endoplasms
  5 giant cockroaches
  12 goblins
  4 hobgoblins
  5 jackals (D:1)
  30 kobolds
  4 quokkas
  9 bats
  2 frilled lizards
  6 rats
  A spectral kobold (D:3)
687 creatures vanquished.

Vanquished Creatures (others)
  An orc (Orc:2)
1 creature vanquished.

Grand Total: 688 creatures vanquished

Notes
Turn   | Place    | Note
-------+----------+-------------------------------------------
     0 | D:1      | groovy9 the Gargoyle Berserker began the quest for the Orb.
     0 | D:1      | Reached XP level 1. HP: 14/14 MP: 1/1
   194 | D:1      | Reached skill level 3 in Axes
   194 | D:1      | Reached XP level 2. HP: 12/19 MP: 2/2
   654 | D:1      | Reached XP level 3. HP: 17/23 MP: 3/3
  1142 | D:2      | Reached ** piety under Trog
  1320 | D:2      | Reached XP level 4. HP: 28/29 MP: 4/4
  1510 | D:2      | Noticed Jessica
  1514 | D:2      | Killed Jessica
  1519 | D:2      | Reached skill level 4 in Axes
  1539 | D:2      | Identified the +1 leather armour "Sofrasin" {Fly rC+
                  | Slay-5}
  1561 | D:2      | Reached XP level 5. HP: 33/33 MP: 5/5
  1891 | D:3      | Found a faded altar of an unknown god.
  2253 | D:3      | Identified the +6 mace "Naoj Fef" {flame, ^Drain Fly Str+3
                  | Dex+4}
  2509 | D:4      | Reached XP level 6. HP: 39/39 MP: 6/6
  2630 | D:4      | Reached skill level 1 in Maces & Flails
  2901 | D:4      | Reached skill level 5 in Fighting
  3156 | D:4      | Reached XP level 7. HP: 40/44 MP: 7/7
  3193 | D:5      | Entered Level 5 of the Dungeon
  3290 | D:5      | Found a blossoming altar of Fedhas.
  3307 | D:5      | Reached skill level 5 in Armour
  3307 | D:5      | Reached *** piety under Trog
  3390 | D:5      | Noticed Esekla's ghost (amateur OpDe)
  3402 | D:5      | Found a runed translucent door.
  3437 | D:5      | Killed Esekla's ghost
  3538 | D:5      | Reached XP level 8. HP: 51/51 MP: 8/8
  3732 | D:5      | Noticed Ijyb
  3742 | D:5      | Killed Ijyb
  4296 | D:5      | Found a shadowy altar of Dithmenos.
  4296 | D:5      | Found a shimmering altar of Xom.
  4296 | D:5      | Found a hide-covered altar of Uskayaw.
  4296 | D:5      | Found a glowing golden altar of the Shining One.
  4296 | D:5      | Found a hazy altar of Hepliaklqana.
  4296 | D:5      | Found a sparkling altar of Nemelex Xobeh.
  4296 | D:5      | Noticed a slime creature
  4296 | D:5      | Noticed a slime creature
  4296 | D:5      | Noticed a slime creature
  4306 | D:5      | Killed a slime creature
  4307 | D:5      | Reached skill level 5 in Maces & Flails
  4314 | D:5      | Killed a slime creature
  4315 | D:5      | Reached XP level 9. HP: 59/59 MP: 9/9
  4854 | D:6      | Noticed Prince Ribbit
  4860 | D:6      | Killed Prince Ribbit
  5058 | D:6      | Noticed Sigmund
  5065 | D:6      | Killed Sigmund
  5066 | D:6      | Reached skill level 1 in Shields
  5111 | D:6      | Found Xopp's Distillery.
  5121 | D:6      | Bought a potion of degeneration for 15 gold pieces
  5121 | D:6      | Bought a potion of lignification for 45 gold pieces
  5286 | D:6      | Found a staircase to the Ecumenical Temple.
  5286 | D:6      | Noticed Maggie
  5293 | D:6      | Killed Maggie
  5359 | Temple   | Entered the Ecumenical Temple
  5795 | D:7      | Reached XP level 10. HP: 64/66 MP: 10/10
  5957 | D:7      | Found a shimmering blue altar of Sif Muna.
  5958 | D:7      | Found a radiant altar of Vehumet.
  5984 | D:7      | Found a flagged portal.
  6012 | Bailey   | Entered a bailey
  6114 | Bailey   | Reached **** piety under Trog
  6378 | Bailey   | Noticed an orc knight
  6389 | Bailey   | Killed an orc knight
  6400 | Bailey   | Identified the +6 executioner's axe "Raech" {flame, rN+}
  6402 | Bailey   | Identified the +9 triple crossbow "Zeoxtuaff" {elec, Str-3
                  | Int+2 Dex+6 SInv}
  6452 | D:7      | Found a burning altar of Makhleb.
  6486 | D:7      | Found an ornate altar of the Wu Jian Council.
  6603 | D:7      | Noticed Joseph
  6612 | D:7      | Killed Joseph
  6613 | D:7      | Reached skill level 5 in Axes
  6908 | D:8      | Identified the +10 dagger of Olodycei {drain, rElec Int+3}
  6972 | D:8      | Reached skill level 6 in Axes
  7096 | D:8      | Found an opulent altar of Gozag.
  7446 | D:8      | Reached XP level 11. HP: 72/72 MP: 11/11
  7958 | D:9      | Reached skill level 7 in Axes
  8483 | D:9      | Reached skill level 8 in Axes
  8514 | D:9      | Reached ***** piety under Trog
  8779 | D:9      | Noticed a two-headed ogre
  8784 | D:9      | Killed a two-headed ogre
  8785 | D:9      | Reached skill level 9 in Axes
  9288 | D:10     | Entered Level 10 of the Dungeon
  9338 | D:10     | Found a staircase to the Orcish Mines.
  9360 | D:10     | Found Echa's Antique Weapon Shop.
  9399 | D:10     | Bought a transparent broad axe for 270 gold pieces
  9399 | D:10     | Identified the +1 broad axe "Vicuv" {freeze, rC+} (You
                  | bought it in a shop on level 10 of the Dungeon)
  9502 | D:10     | Found a sparkling altar of Nemelex Xobeh.
  9542 | D:10     | Noticed a two-headed ogre
  9549 | D:10     | Killed a two-headed ogre
  9628 | D:10     | Noticed a two-headed ogre
  9639 | D:10     | Killed a two-headed ogre
  9640 | D:10     | Reached skill level 10 in Axes
  9818 | D:10     | Found Reuzuneaw's Weapon Boutique.
  9889 | D:10     | Found Qoik's Magic Scroll Emporium.
  9892 | D:10     | Bought a scroll of identify for 20 gold pieces
  9892 | D:10     | Bought a scroll of teleportation for 30 gold pieces
  9892 | D:10     | Bought a scroll of blinking for 75 gold pieces
  9892 | D:10     | Bought a scroll of teleportation for 30 gold pieces
  9906 | D:10     | Identified the +11 morningstar of the Toadstool {heavy, rF+
                  | Stlth+}
 10022 | D:11     | Found a portal to a secret trove of treasure.
 10096 | D:11     | Noticed a red ugly thing
 10104 | D:11     | Killed a red ugly thing
 10299 | D:11     | Reached skill level 11 in Axes
 10302 | D:11     | Reached XP level 12. HP: 61/77 MP: 12/12
 10406 | D:11     | Found a staircase to the Lair.
 10618 | D:11     | Noticed Erica
 10630 | D:11     | Killed Erica
 10942 | D:11     | Noticed a two-headed ogre
 10946 | D:11     | Killed a two-headed ogre
 10947 | D:11     | Reached skill level 12 in Axes
 11063 | Lair:1   | Entered Level 1 of the Lair of Beasts
 11544 | Lair:1   | Noticed Nergalle
 11550 | Lair:1   | Killed Nergalle
 11556 | Lair:1   | Noticed a catoblepas
 11567 | Lair:1   | Killed a catoblepas
 11740 | Lair:1   | Reached skill level 13 in Axes
 12855 | Lair:2   | Reached skill level 14 in Axes
 12941 | Lair:2   | Reached XP level 13. HP: 68/82 MP: 13/13
 12972 | Lair:2   | Noticed Harold
 12987 | Lair:2   | Killed Harold
 13029 | Lair:2   | Reached skill level 15 in Axes
 13304 | Lair:2   | Found a hole to the Spider Nest.
 13645 | Lair:3   | Noticed Fannar
 13654 | Lair:3   | Identified the +2 dire flail "Ocitzymu" {heavy, +Blink}
                  | (Trog gifted it to you on level 3 of the Lair of Beasts)
 13654 | Lair:3   | Received a gift from Trog
 13884 | Lair:3   | Killed Fannar
 13957 | Lair:3   | Found a staircase to the Shoals.
 14003 | Lair:3   | Reached skill level 16 in Axes
 14439 | Lair:3   | Identified the +0 pair of gloves of a wizard's laboratory
                  | {Dex+3}
 15448 | Lair:4   | Reached skill level 10 in Fighting
 15564 | Lair:4   | Found a runed translucent door.
 15566 | Lair:4   | Found a viscous altar of Jiyva.
 15567 | Lair:4   | Noticed an acid blob
 15568 | Lair:4   | Found a staircase to the Slime Pits.
 15568 | Lair:4   | Noticed an acid blob
 15700 | Lair:4   | Found a runed translucent gate.
 15700 | Lair:4   | Found a runed translucent gate.
 15700 | Lair:4   | Found a runed translucent gate.
 15701 | Lair:4   | Noticed monsoonserge's ghost (journeyman DjFE)
 15702 | Lair:4   | Noticed groovy9's ghost (journeyman TrFi)
 15740 | Lair:4   | Killed groovy9's ghost
 15744 | Lair:4   | Killed monsoonserge's ghost
 16415 | Lair:4   | Killed an acid blob
 16416 | Lair:4   | Gained mutation: Your large and strong wings let you fly.
                  | [Gargoyle growth]
 16416 | Lair:4   | Reached XP level 14. HP: 68/88 MP: 14/14
 16418 | Lair:4   | Killed an acid blob
 16419 | Lair:4   | Reached skill level 10 in Armour
 16541 | Lair:5   | Entered Level 5 of the Lair of Beasts
 16757 | Lair:5   | Reached skill level 17 in Axes
 17426 | Lair:5   | Reached XP level 15. HP: 59/98 MP: 15/15
 18187 | Orc:1    | Entered Level 1 of the Orcish Mines
 18335 | Orc:2    | Entered Level 2 of the Orcish Mines
 18335 | Orc:2    | Found Xevenkos's Weapon Shop.
 18459 | Orc:2    | Found a staircase to the Elven Halls.
 18733 | Orc:2    | Noticed Sobieck's ghost (journeyman KoBr)
 18886 | Orc:2    | Found a runed translucent gate.
 18886 | Orc:2    | Found a runed translucent gate.
 18886 | Orc:2    | Found a runed translucent gate.
 19065 | Orc:2    | Noticed an orc warlord
 19085 | Orc:2    | Killed an orc warlord
 19098 | Orc:2    | Paralysed by an orc sorcerer for 3 turns
 19107 | Orc:2    | Reached skill level 18 in Axes
 19388 | Orc:2    | Reached ****** piety under Trog
 19407 | Orc:2    | Reached XP level 16. HP: 96/105 MP: 16/16
 19513 | Orc:2    | Found Bitzion's Antique Armour Boutique.
 19514 | Orc:2    | Found Neowko's Antique Weapon Shop.
 19518 | Orc:2    | Found Hefoegeo's General Store.
 19518 | Orc:2    | Found Jonyowy's Jewellery Boutique.
 19537 | Orc:2    | Bought a scroll of teleportation for 45 gold pieces
 19537 | Orc:2    | Bought a scroll of blinking for 112 gold pieces
 19538 | Orc:2    | Bought an amulet of regeneration for 420 gold pieces
 19816 | Orc:2    | Killed Sobieck's ghost
 21027 | D:13     | Noticed Josephine
 21035 | D:13     | Killed Josephine
 21574 | D:13     | Found a gate to the Vaults.
 21581 | D:13     | Received a gift from Trog
 22343 | D:14     | Reached skill level 1 in Evocations
 22414 | D:14     | Noticed Nessos
 22423 | D:14     | Noticed Agnes
 22430 | D:14     | Slain by Agnes

Illustrated notes

Levels and vault maps discovered:
D:1:      shiori_arrival_maze, layout_basic, minmay_misc_feat_iff
D:2:      layout_loops_ring, uniq_jessica
D:3:      layout_basic, dreamdust_ecumenical_altar_drowned_temple
D:4:      minmay_general_purpose_star, layout_basic
D:5:      cheibrodos_fertilizer, layout_basic, mainiacjoe_overflow_24_doors,
          hellmonk_ghost_happy_afterlife, uniq_ijyb
D:6:      layout_loops_ring, temple_fountains, serial_shops, shop,
          kennysheep_potato, uniq_prince_ribbit1, uniq_sigmund, uniq_maggie
D:7:      layout_cave_pools, nicolae_wu_jian_wuxing_cycle,
          chequers_temple_overflow_statue_of_worship, enter_bailey_5,
          kennysheep_big_empty_room, uniq_joseph
D:8:      layout_basic, general_overflow_altar
D:9:      layout_stronghold, serial_column_ruins, column_ruins_hut,
          column_ruins_hut, column_ruins_grid_1, column_ruins_open_small,
          column_ruins_columns_dead_end, st_stairs_12
D:10:     layout_long_grid, nemelex_diamond_rough_becter, orc_0_dummy,
          serial_shops, nicolae_shop_behind_doors, nicolae_shop_trees, shop
D:11:     layout_loops_ring, lair_entry_dummy, nicolae_trove_entry_path_of_doom,
          uniq_erica
D:12:     layout_stronghold
D:13:     layout_basic, david_vaults_3, serial_undead, serial_undead_c,
          serial_undead_e, serial_undead_b, serial_undead_e,
          portal_ice_cave_entry_ice_simulacra, uniq_josephine
D:14:     layout_grid_maze, serial_glass, glass_columns_b, glass_columns_a,
          elyvilon_altar_5, gauntlet_entry_generic, uniq_nessos, uniq_agnes
Temple:   nicolae_temple_superstar
Lair:1:   layout_layer_cave, infiniplex_staircase_pool_2, grunt_megastairs_1,
          uniq_nergalle
Lair:2:   beast_lair_carwin_large_4, layout_cave_shapes,
          spider_nest_entry_web_field, uniq_harold
Lair:3:   layout_small_grid, minmay_shoals_entry_beasts,
          chequers_serial_rivers_small_b, serial_bayou_crossing,
          grunt_megastairs_5, uniq_fannar
Lair:4:   layout_gridlike, slime_entry_2, gammafunk_ghost_cemetery
Lair:5:   hangedman_lair_tendril_chambers, layout_regular_city,
          nzn_sisyphean_effort
Orc:1:    layout_caves, gammafunk_ghost_wrathful_warriors
Orc:2:    st_orc_congregation, layout_caves, serial_shops, shop,
          maelrawn_ghost_gauntlet_escape

Skill      XL: |  1  2  3  4  5  6  7  8  9 10 11 12 13 14 15 16 |
---------------+-------------------------------------------------+-----
Axes           | 3 4 6 11 14 16 17 18 | 18.8
Armour         | 3 4 5 7 8 9 10 11 12 | 12.6
Fighting       | 4 5 6 7 9 10 13 14 | 14.4
Maces & Flails | 2 3 5 6 8 |  8.3
Shields        | 2 4 |  4.4
Evocations     | 1 |  1.1
Dodging        | |  1.5

Action                     |  1- 3 |  4- 6 |  7- 9 | 10-12 | 13-15 | 16-18 || total
---------------------------+-------+-------+-------+-------+-------+-------++-------
  Melee: Hand axe          |   130 |    87 |       |       |       |       ||   217
         Mace              |       |    46 |   218 |   115 |       |       ||   379
         Punch             |       |       |     1 |       |       |       ||     1
         Executioner's axe |       |       |       |   330 |   497 |   232 ||  1059
 Invoke: Berserk           |     2 |     3 |    11 |    10 |    12 |     4 ||    42
         Trog's Hand       |       |       |     2 |     2 |    11 |     5 ||    20
    Use: Scroll            |       |       |     4 |    13 |     7 |     3 ||    27
         Potion            |       |       |       |     5 |     1 |     1 ||     7
   Stab: Sleeping          |     1 |       |       |       |       |       ||     1
         Petrified         |       |       |       |     2 |       |     5 ||     7
 Armour: Animal skin       |    50 |       |       |       |       |       ||    50
         Ring mail         |    24 |    64 |   146 |       |       |       ||   234
         Chain mail        |       |       |    24 |   284 |       |       ||   308
         Plate armour      |       |       |       |   134 |   580 |   304 ||  1018
  Dodge: Dodged            |    76 |    95 |   148 |   255 |   251 |    96 ||   921
  Block: Tower shield      |       |       |    29 |   132 |       |       ||   161
